 Dungeon Crawl Stone Soup version 0.27.1-1-g398f81649c (webtiles) character file.

Game seed: 630854437493684594

1875 HammerPanzer the Basher (level 8, -8/77 HPs)
             Began as a Minotaur Berserker on Sept 5, 2021.
             Was a Priest of Trog.
             Killed by vampiric draining
             ... invoked by a vampire
              (14 damage)
             ... on level 6 of the Dungeon on Sept 6, 2021.
             The game lasted 00:13:23 (5294 turns).

HammerPanzer the Basher (Minotaur Berserker)        Turns: 5294, Time: 00:13:24

Health: -8/77      AC: 12    Str: 23    XL:     8   Next: 91%
Magic:  7/7        EV:  7    Int:  5    God:    Trog [***...]
Gold:   220        SH:  0    Dex: 10    Spells: 7/7 levels left

rFire    . . .     SeeInvis .   k - +1 flail (venom)
rCold    . . .     Faith    .   (no shield)
rNeg     . . .     Spirit   .   j - +1 plate armour
rPois    .         Reflect  .   (helmet restricted)
rElec    .         Harm     .   (no cloak)
rCorr    .         Rampage  .   (no gloves)
Will     .....                  (no boots)
Stlth    ..........             (no amulet)
HPRegen  0.22/turn              (no ring)
MPRegen  0.10/turn              (no ring)

@: no status effects
A: horns 2, retaliatory headbutt
a: Renounce Religion, Berserk, Trog's Hand


You were on level 6 of the Dungeon.
You worshipped Trog.
Trog was most pleased with you.
You visited 1 branch of the dungeon, and saw 6 of its levels.

You collected 220 gold pieces.

Inventory:

Hand Weapons
 k - a +1 flail of venom (weapon)
Missiles
 l - 2 throwing nets (quivered)
 o - 32 poisoned darts
 p - 27 bolts
Armour
 j - a +1 plate armour (worn)
Wands
 b - a wand of flame (7)
Scrolls
 c - a scroll of vulnerability {unknown}
 d - 2 scrolls of enchant armour
 e - a scroll of holy word {unknown}
 f - a scroll of blinking
 g - a scroll of immolation {unknown}
 h - 3 scrolls of teleportation
 n - 2 scrolls of identify
 q - a scroll of magic mapping {unknown}
 r - a scroll of silence {unknown}
 t - a scroll of fog {unknown}
Potions
 a - 4 potions of haste
 i - 3 potions of degeneration {unknown}
 m - a potion of ambrosia {unknown}
 s - a potion of brilliance {unknown}
 u - 2 potions of magic {unknown}


   Skills:
 + Level 8.8 Fighting
 * Level 11.6 Maces & Flails
 - Level 2.4 Armour
 - Level 2.1 Dodging


You had 7 spell levels left.
You didn't know any spells.
Your spell library was empty.

Dungeon Overview and Level Annotations

Branches:
Dungeon (6/15)             Temple (0/1) D:5

Altars:
Elyvilon
Nemelex Xobeh
Wu Jian
Xom
Zin

Shops:
D:5 (

Annotations:
D:6 1 runed translucent door, olaf's ghost, novice GnBe


Innate Abilities, Weirdness & Mutations

You have a pair of horns on your head.
You reflexively headbutt those who attack you in melee.


Message History

You barely miss the vampire.
You headbutt the vampire, but do no damage.
The vampire is moderately damaged.
Your plate armour prevents you from hitting the vampire.
The vampire is moderately damaged.
The vampire hits you but does no damage.
The vampire bites you but does no damage.
You hit the vampire.
The vampire is moderately damaged.
The vampire gestures at you while chanting.
You are confused.
The vampire barely misses you.
The vampire bites you but does no damage.
You hit the vampire but do no damage.
The vampire is moderately damaged.
The vampire hits you. The vampire bites you.
The vampire draws strength from your injuries!
You sock the vampire! You headbutt the vampire!
The vampire is severely damaged.
The vampire hits you!
* * * LOW HITPOINT WARNING * * *
The vampire bites you but does no damage.
You are too confused!
You are too confused!
You closely miss the vampire.
The vampire is severely damaged.
The vampire closely misses you. The vampire barely misses you.
Olaf's ghost whispers, "Soon you will have time, lots of time..."
The vampire hits you.
* * * LOW HITPOINT WARNING * * *
The vampire bites you!
* * * LOW HITPOINT WARNING * * *
The vampire draws strength from your injuries!
You hit the vampire.
The vampire is severely damaged.
You miss the vampire.
The vampire is severely damaged.
You feel less confused. The vampire draws life force from you!
You die...

#......................
#......................
#......................
#......................
#######......................
#............................
#............................
#...[.........###############
#...........@V#
#####.......##+##.#
............#.≈W#.......#
##########..#.≈.#.......#
#..#.≈.#.......#
#..#.≈.#.......#
#).#.).#.......#
#..#####.......# #...#
#.......#


You could see a vampire and olaf's ghost.

Vanquished Creatures
  Prince Ribbit (D:6)
  Sigmund (D:4)
  A hornet zombie (D:6)
  2 ogres (D:5)
  A phantom (D:4)
  A scorpion (D:5)
  2 wyvern skeletons
  2 centaur zombies (D:5)
  5 hounds
  3 bullfrog skeletons
  An orc priest (D:6)
  A jelly (D:6)
  Jessica (D:2)
  Ijyb (D:3)
  3 iguanas (D:5)
  3 orc wizards
  A hound skeleton (D:5)
  6 adders
  An ufetubus (D:5)
  9 worms
  A dart slug (D:4)
  7 orcs
  6 ball pythons
  4 bats
  6 endoplasms
  4 giant cockroaches
  6 goblins
  8 hobgoblins
  9 jackals
  6 kobolds
  4 quokkas
  A frilled lizard (D:3)
  6 rats
114 creatures vanquished.

Vanquished Creatures (others)
  2 plants (D:1)
2 creatures vanquished.

Grand Total: 116 creatures vanquished

Notes
Turn   | Place    | Note
-------+----------+-------------------------------------------
     0 | D:1      | HammerPanzer the Minotaur Berserker began the quest for the
                  | Orb.
     0 | D:1      | Reached XP level 1. HP: 19/19 MP: 0/0
   388 | D:1      | Reached skill level 4 in Maces & Flails
   482 | D:1      | Reached XP level 2. HP: 25/27 MP: 1/1
   782 | D:1      | Found a faded altar of an unknown god.
   916 | D:2      | Noticed Jessica
   931 | D:2      | Killed Jessica
   932 | D:2      | Reached XP level 3. HP: 27/33 MP: 2/2
   936 | D:2      | Reached skill level 5 in Maces & Flails
  1207 | D:2      | Reached ** piety under Trog
  1211 | D:2      | Reached XP level 4. HP: 40/41 MP: 3/3
  1426 | D:2      | Found a shimmering altar of Xom.
  2013 | D:3      | Noticed Ijyb
  2018 | D:3      | Killed Ijyb
  2019 | D:3      | Reached skill level 5 in Fighting
  2019 | D:3      | Reached skill level 6 in Maces & Flails
  2019 | D:3      | Reached XP level 5. HP: 48/48 MP: 4/4
  2259 | D:3      | Found an ornate altar of the Wu Jian Council.
  2973 | D:4      | Noticed a phantom
  2992 | D:4      | Killed a phantom
  2993 | D:4      | Reached skill level 7 in Maces & Flails
  2996 | D:4      | Reached XP level 6. HP: 23/56 MP: 5/5
  3246 | D:4      | You fall into a shaft and drop 2 floors!
  3246 | D:6      | Found a white marble altar of Elyvilon.
  3328 | D:5      | Entered Level 5 of the Dungeon
  3408 | D:5      | Found a staircase to the Ecumenical Temple.
  3421 | D:5      | Reached *** piety under Trog
  3429 | D:5      | Reached skill level 8 in Maces & Flails
  3437 | D:5      | Reached XP level 7. HP: 55/63 MP: 6/6
  3581 | D:4      | Noticed Sigmund
  3589 | D:4      | Killed Sigmund
  4074 | D:4      | Reached skill level 9 in Maces & Flails
  4150 | D:5      | Found Rooshod's Antique Weapon Boutique.
  4408 | D:5      | Reached XP level 8. HP: 72/73 MP: 7/7
  4463 | D:5      | Found a sparkling altar of Nemelex Xobeh.
  4577 | D:5      | Reached skill level 10 in Maces & Flails
  4621 | D:5      | Noticed an angel
  4622 | D:5      | Found a glowing silver altar of Zin.
  5047 | D:6      | Reached skill level 11 in Maces & Flails
  5092 | D:6      | Found a runed translucent door.
  5212 | D:6      | Noticed olaf's ghost (novice GnBe)
  5231 | D:6      | Found a sparkling altar of Nemelex Xobeh.
  5269 | D:6      | Noticed Prince Ribbit
  5280 | D:6      | Killed Prince Ribbit
  5294 | D:6      | Killed from afar by a vampire

Illustrated notes

Levels and vault maps discovered:
D:1:      erik_arrival_blinker_ship, layout_basic,
          shapermc_ecumenical_altar_acropolis, serial_bayou_ford_a,
          wad_floor_pattern_untrapped, minmay_misc_feat_alley, bh_walls_and_bars
D:2:      layout_loops_ring, basic_altar, uniq_jessica
D:3:      layout_basic, marbit_many_paths, uniq_ijyb
D:4:      layout_basic, grunt_ministairs_10, uniq_sigmund
D:5:      layout_rooms, nemelex_dance_club_becter, zin_angel, temple_green,
          serial_shops, shop, minmay_misc_feat_roman,
          minmay_misc_feat_nine_boxes
D:6:      layout_basic, makhleb_heckhound_becter, mainiacjoe_overflow_boulevard,
          ebering_ghost_reflecting_pool, hangedman_feature_mirror,
          dk_noncrumbling_4, uniq_prince_ribbit1

Skill      XL: |  1  2  3  4  5  6  7  8 |
---------------+-------------------------+-----
Maces & Flails | 4 5 6 7 8 9 11 | 11.6
Fighting       | 4 5 6 7 8 |  8.8
Armour         | |  2.4
Dodging        | |  2.1

Action                   |  1- 3 |  4- 6 |  7- 9 || total
-------------------------+-------+-------+-------++-------
Melee: Mace              |    64 |    21 |       ||    85
       Headbutt          |    11 |    24 |    27 ||    62
       Flail             |       |   101 |   113 ||   214
  Use: Scroll            |       |     7 |       ||     7
Armor: Chain mail        |    28 |       |       ||    28
       Plate armour      |    18 |    75 |    57 ||   150
Dodge: Dodged            |    32 |    39 |    25 ||    96
